 Dungeon Crawl Stone Soup version 0.27.1-34-g3ba077fa99 (webtiles) character file.

Game seed: 12450637984184256959

14 pkoi the Caller (level 2, -3/20 HPs)
             Began as a Draconian Summoner on Jan 17, 2022.
             Slain by Natasha (7 damage)
             ... on level 2 of the Dungeon.
             The game lasted 00:01:08 (1171 turns).

pkoi the Caller (Draconian Summoner)                Turns: 1171, Time: 00:01:09

Health: -3/20      AC:  4    Str: 10    XL:     2   Next: 31%
Magic:  5/5        EV: 12    Int: 21    God:
Gold:   45         SH:  0    Dex: 11    Spells: 4/5 levels left

rFire    + . .     SeeInvis .     - Unarmed
rCold    . . .     Faith    .   (no shield)
rNeg     . . .     Spirit   .   (armour unavailable)
rPois    .         Reflect  .   (helmet restricted)
rElec    .         Harm     .   (no cloak)
rCorr    .         Rampage  .   (no gloves)
Will     .....                  (no boots)
Stlth    ++........             (no amulet)
HPRegen  0.06/turn              a - ring of protection from fire
MPRegen  0.09/turn              d - +6 ring of intelligence

@: slowed, very slow
A: AC +4, unfitting armour, cold-blooded
a: no special abilities


You were on level 2 of the Dungeon.
You visited 1 branch of the dungeon, and saw 2 of its levels.

You collected 45 gold pieces.

Inventory:

Jewellery
 a - a ring of protection from fire (left hand)
 d - a +6 ring of intelligence (right hand)
Scrolls
 e - a scroll of identify {unknown}
Potions
 b - a potion of attraction {unknown}
 c - a potion of curing {unknown}


   Skills:
 - Level 1.7 Dodging
 - Level 1.7 Stealth
 + Level 2.0 Unarmed Combat
 - Level 2.0 Spellcasting
 - Level 4.0 Summonings


You had 4 spell levels left.
You knew the following spells:

 Your Spells              Type           Power      Damage    Failure   Level
a - Summon Small Mammal   Summ           72%        N/A       2%          1

Your spell library contained the following spells:

 Spells                   Type           Power      Damage    Failure   Level
 Call Imp                 Summ           18%        N/A       4%          2
 Call Canine Familiar     Summ           18%        N/A       9%          3
 Sandblast                Erth           4%         2d4       14%         1
 Summon Guardian Golem    Hex/Summ       10%        N/A       19%         3
 Passwall                 Tmut/Erth      1%         N/A       22%         2
 Summon Lightning Spire   Summ/Air       10%        N/A       54%         4
 Lee's Rapid Deconstruct  Erth           1%         3d5*      99%         5


Dungeon Overview and Level Annotations

Branches:
Dungeon (2/15)

Altars:

Annotations:
D:2 Natasha


Innate Abilities, Weirdness & Mutations

Your plain brown scales are hard. (AC +4)
You cannot fit into any form of body armour.
You are cold-blooded and may be slowed by cold attacks.


Message History

Your bat misses the crimson imp.
The crimson imp hits you but does no damage.
Natasha claws you!
Unknown command.
You barely miss the crimson imp. Your bat hits Natasha.
Your bat misses the crimson imp.
The crimson imp shouts, "Quit, thou obnoxious fob-snatching death-token!"
The crimson imp hits you.
* * * LOW HITPOINT WARNING * * *
Natasha casts a spell at you.
You feel yourself slow down.
You closely miss Natasha.
Natasha is lightly wounded.
Your bat barely misses the crimson imp.
Your bat closely misses the crimson imp.
The crimson imp blinks!
Natasha claws you but does no damage. The crimson imp hits your bat.
Your bat dies!
Your bat's corpse disappears in a puff of smoke!
Natasha stares at you and mumbles some strange words.
The magic dart hits you.
* * * LOW HITPOINT WARNING * * *
You closely miss Natasha. Natasha casts a spell at you.
You feel as though you will be slow longer.
Unknown command.
Unknown command.
The crimson imp disappears in a puff of smoke!
Natasha casts a spell.
Natasha mumbles some strange words.
You feel troubled.
Natasha casts a spell.
Natasha claws you.
* * * LOW HITPOINT WARNING * * *
The iron imp closely misses you. Natasha casts a spell at you.
You resist with significant effort. The iron imp closely misses you.
There is an escape hatch in the ceiling here.
Natasha claws you!
You die...

....... ...........##
............#
#..........#
#..........#
#..........# #########
##..........# #......@#
...........<#
#.....5h##.#..........#
#....5.....######.#####
#........### ##.#
#.......## #..#
###....†..# #.##
#.........# #.#
#..#.......# #.# . # #.
##.###### #.#


You could see an iron imp (summoned), Natasha and a white imp (summoned).

Vanquished Creatures
  A dart slug (D:1)
  An endoplasm (D:1)
  A goblin (D:1)
  A hobgoblin (D:1)
  A quokka (D:1)
  A ball python (D:1)
  A bat (D:1)
  A kobold (D:1)
  A rat (D:2)
9 creatures vanquished.

Vanquished Creatures (collateral kills)
  2 endoplasms
  3 ball pythons
  A bat (D:2)
6 creatures vanquished.

Vanquished Creatures (others)
  A plant (D:2)
1 creature vanquished.

Grand Total: 16 creatures vanquished

Notes
Turn   | Place    | Note
-------+----------+-------------------------------------------
     0 | D:1      | pkoi the Draconian Summoner began the quest for the Orb.
     0 | D:1      | Reached XP level 1. HP: 14/14 MP: 3/3
   121 | D:1      | Reached skill level 1 in Unarmed Combat
   389 | D:1      | Reached XP level 2. HP: 15/20 MP: 1/5
  1155 | D:2      | Noticed Natasha
  1156 | D:2      | Noticed a crimson imp
  1171 | D:2      | Slain by Natasha

Illustrated notes

Levels and vault maps discovered:
D:1:      scummos_arrival_star, layout_basic
D:2:      layout_rooms, dreamdust_ecumenical_altar_hidden_monk_grotto,
          uniq_natasha

Skill      XL: |  1  2 |
---------------+-------+-----
Unarmed Combat | 1 2 |  2.0
Dodging        | |  1.7
Stealth        | |  1.7
Spellcasting   | |  2.0
Summonings     | |  4.0

Action                   || total
-------------------------++-------
Melee: Unarmed           ||    50
       Tailslap          ||     3
 Cast: Summon Small Mamm ||    13
 Stab: Sleeping          ||     1
Armor: Skin              ||    20
Dodge: Dodged            ||    31
